[Event "Late-Titled-Tuesday-Blitz-October-10-2023"]
[Site "Chess.com"]
[Date "2023.10.10"]
[Round "5"]
[White "DrCeltic"]
[Black "NotFischer"]
[Result "0-1"]
[WhiteElo "2462"]
[BlackElo "2285"]
[TimeControl "180+1"]
[EndTime "14:51:20 PDT"]
[Termination "NotFischer won by resignation"]

1. e4 d5 2. exd5 Qxd5 3. Nc3 Qd6 4. Nf3 Nf6 5. d4 c6 6. Ne5 Nbd7 7. Nc4 Qc7 8. Qf3 Nb6 9. Bf4 Qd8 10. Be5 Nbd5 11. h3 Be6 12. Be2 g6 13. Ne3 Nxc3 14. bxc3 Bg7 15.
O-O O-O 16. a4 a5 17. Rab1 Qc8 18. c4 Rd8 19. Rfd1 Ne8 20. Bxg7 Nxg7 21. d5 cxd5 22.
cxd5 Bf5 23. Rdc1 Qd7 24. Bb5 Qc7 25. c4 Bxb1 26. Rxb1 e6 27. dxe6 fxe6 28. Ng4 Rf8 29.
Qe3 Nf5 30. Qxe6+ Qf7 31. Qe5 h5 32. Nh2 Rad8 33. c5 Ng7 34. Qe2 Qf5 35. Rc1 Kh8 0-1

[Event "Late-Titled-Tuesday-Blitz-October-10-2023"]
[Site "Chess.com"]
[Date "2023.10.10"]
[Round "5"]
[White "rdarruda"]
[Black "IlanSchnaider"]
[Result "0-1"]
[WhiteElo "2504"]
[BlackElo "2777"]
[TimeControl "180+1"]
[EndTime "14:51:25 PDT"]
[Termination "IlanSchnaider won by resignation"]

1. d4 Nf6 2. Nf3 d5 3. c4 c6 4.
e3 Bg4 5. Nc3 e6 6. b3 Bb4 7.
Bd2 O-O 8. Be2 Nbd7 9. O-O Bxc3 10. Bxc3 Ne4 11. Bb2 f5 12. Nd2 Bxe2 13. Qxe2 Qg5 14. f3 Nxd2 15. Qxd2 Nf6 16. Ba3 Rf7 17. Bd6 Rd8 18.
Be5 Nd7 19. Bf4 Qg6 20. a4 h6 21. a5 Kh7 22. a6 b6 23. Rac1 Qf6 24. Bd6 g5 25. Qc2 Rc8 26. g4 Kg7 27. gxf5 exf5 28. Bg3 f4 29. exf4 Qxd4+ 30. Bf2 Qxf4 31. cxd5 Ne5 32.
Bg3 Nxf3+ 33. Kh1 Qe3 34. dxc6 Rf6 35. c7 Nd4 36. Qg2 Rcf8 37. Rxf6 Qxc1+ 38. Qg1 Qxg1+ 39. Kxg1 Kxf6 0-1

[Event "Late-Titled-Tuesday-Blitz-October-10-2023"]
[Site "Chess.com"]
[Date "2023.10.10"]
[Round "5"]
[White "DopplerCharlotteDeWitte"]
[Black "Roberz12"]
[Result "0-1"]
[WhiteElo "2769"]
[BlackElo "2477"]
[TimeControl "180+1"]
[EndTime "14:51:27 PDT"]
[Termination "Roberz12 won by resignation"]

1. e4 c5 2. Nf3 Nc6 3. d4 cxd4 4. Nxd4 g6 5. c4 Nf6 6. Nc3 d6 7. Be3 Ng4 8. Bc1 Qb6 9. Be3 Nxe3 10. fxe3 Bg7 11. Nd5 Qd8 12. Be2 O-O 13. O-O Ne5 14.
Rc1 b6 15. Qe1 e6 16. Nc3 Ba6 17. b3 Bb7 18. Qg3 Bf6 19. Rfd1 Bh4 20. Qh3 Bg5 21. Ndb5 Be7 22. Nxd6 Bxd6 23. Nb5 Bc5 24. Rxd8 Rfxd8 25. Qg3 a6 26. Nd4 Nc6 27. Nxc6 Bxc6 28. Kf2 Bxe4 29.
Qe5 Bc6 30. Qc3 a5 31. h4 Rd7 32. h5 Rad8 33. h6 Bf8 34. Rh1 Rd2 35. Rh2 Rxa2 36. Ke1 Bb4 37. Qxb4 axb4 38. Rh4 f5 39. Rd4 Rxd4 40.
exd4 Bxg2 41. c5 bxc5 42. dxc5 Bd5 43. c6 Bxc6 44. Bc4 Bd5 45. Bxd5 exd5 0-1

[Event "Late-Titled-Tuesday-Blitz-October-10-2023"]
[Site "Chess.com"]
[Date "2023.10.10"]
[Round "5"]
[White "a-z30"]
[Black "hellokostya"]
[Result "0-1"]
[WhiteElo "2472"]
[BlackElo "2636"]
[TimeControl "180+1"]
[EndTime "14:51:29 PDT"]
[Termination "hellokostya won by checkmate"]

1. d3 Nf6 2. Nf3 g6 3. g3 Bg7 4. Bg2 O-O 5. O-O d5 6. c4 d4 7.
b4 a5 8. b5 c5 9. a4 b6 10. Ne5 Ra7 11. Ra2 Bb7 12. e4 dxe3 13. Bxe3 Bxg2 14. Kxg2 Nfd7 15. Nf3 Ne5 16. Nxe5 Bxe5 17.
Re1 Bg7 18. Rd2 e5 19. Nc3 Rd7 20. Nd5 f5 21. Rde2 Rxd5 22. cxd5 Qxd5+ 23. f3 Nd7 24. Qc2 Kh8 25. Qc4 Qd6 26. h4 Nf6 27. Bg5 Nd5 28. f4 exf4 29. Bxf4 Nxf4+ 30. gxf4 Bd4 31. Re8 Kg7 32.
Rxf8 Kxf8 33. Qe6 Qxf4 34. Qc8+ Kg7 35. Re7+ Kh6 36. Qf8+ Kh5 37. Rxh7+ Kg4 38. Qh6 Qf2+ 39. Kh1 Qg1# 0-1

[Event "Late-Titled-Tuesday-Blitz-October-10-2023"]
[Site "Chess.com"]
[Date "2023.10.10"]
[Round "5"]
[White "schondeln"]
[Black "Aygehovit1992"]
[Result "0-1"]
[WhiteElo "2403"]
[BlackElo "2691"]
[TimeControl "180+1"]
[EndTime "14:51:31 PDT"]
[Termination "Aygehovit1992 won on time"]

1. e4 c5 2. Nf3 e6 3. c3 d5 4. exd5 Qxd5 5. d4 Nf6 6. Na3 a6 7.
Nc4 Nbd7 8. Be3 b5 9. Nce5 Nxe5 10. dxe5 Qxd1+ 11. Rxd1 Nd5 12. Bc1 c4 13. g3 Bb7 14.
Bg2 Bc5 15. O-O O-O 16. Ng5 Rfd8 17. Ne4 Be7 18. h4 h6 19. Rd4 Rd7 20. Rfd1 Rad8 21. f4 Kf8 22. Bf3 Ke8 23. Kg2 f5 24. exf6 gxf6 25.
a3 f5 26. Nf2 Bc5 27. g4 Bxd4 28. cxd4 Nf6 29. g5 Bxf3+ 30. Kxf3 hxg5 31. fxg5 Nh5 32. Ke3 Kf7 33. Bd2 Rxd4 0-1

[Event "Late-Titled-Tuesday-Blitz-October-10-2023"]
[Site "Chess.com"]
[Date "2023.10.10"]
[Round "5"]
[White "canary2016"]
[Black "PatzerSmashers"]
[Result "0-1"]
[WhiteElo "2176"]
[BlackElo "2398"]
[TimeControl "180+1"]
[EndTime "14:51:31 PDT"]
[Termination "PatzerSmashers won by resignation"]

1. e4 c5 2. d4 cxd4 3. c3 dxc3 4. Nxc3 Nc6 5. Nf3 e6 6. Bb5 a6 7. Bc4 b5 8. Bb3 Bb7 9. O-O Na5 10. Bf4 d6 11.
Rc1 Be7 12. a4 b4 13. Na2 Nf6 14. Nxb4 Nxe4 15. Be3 O-O 16. Nd4 Nxb3 17. Qxb3 Nc5 18. Qc2 Rc8 19. Qd1 Bf6 20. Nd3 Nxd3 21. Qxd3 Qa5 22. b3 Qd5 23. Rxc8 Rxc8 24. f3 e5 25. Qf5 exd4 26. Qxd5 Bxd5 27. Bf4 Bxb3 28. Bxd6 d3 29. Bf4 Bxa4 30. Ra1 Bxa1 0-1

[Event "Late-Titled-Tuesday-Blitz-October-10-2023"]
[Site "Chess.com"]
[Date "2023.10.10"]
[Round "5"]
[White "K_A_S_T_O_R"]
[Black "Russian_berezka"]
[Result "1-0"]
[WhiteElo "2895"]
[BlackElo "2665"]
[TimeControl "180+1"]
[EndTime "14:51:34 PDT"]
[Termination "K_A_S_T_O_R won by resignation"]

1. e4 g6 2. d4 Bg7 3. Nf3 c6 4. Nc3 d5 5. h3 dxe4 6. Nxe4 Nf6 7. Nxf6+ exf6 8. Bc4 O-O 9. O-O Nd7 10. Bf4 Nb6 11. Bb3 Bf5 12. Re1 Re8 13. c3 Nd5 14. Bg3 Qd7 15.
Qd2 Rxe1+ 16. Rxe1 Re8 17. c4 Nb6 18. Rxe8+ Qxe8 19.
Qa5 Nc8 20. d5 cxd5 21. cxd5 Qd7 22. Ba4 b5 23. Qxb5 Qxb5 24. Bxb5 Be4 25. d6 Nb6 26. d7 Nxd7 27. Bxd7 Bxf3 28. gxf3 f5 29. b3 g5 30. Bd6 Bd4 31. Kf1 f4 32. Be7 h6 33. h4 f6 34. Be6+ Kg7 35. h5 Bb6 36. b4 Be3 37. a4 Bd4 38. Bc5 Bc3 39. b5 Bd4 40. Bxd4 Kf8 41. Bxa7 Ke7 42. Bf5 Kd6 43. Bd4 g4 44. fxg4 f3 45. Be4 f5 46. gxf5 Ke7 47.
b6 Kd7 48. a5 Kc8 49. b7+ Kd8 50. b8=Q+ Ke7 1-0

[Event "Late-Titled-Tuesday-Blitz-October-10-2023"]
[Site "Chess.com"]
[Date "2023.10.10"]
[Round "5"]
[White "rochaaaaaaaaaa"]
[Black "KejJaj"]
[Result "1-0"]
[WhiteElo "2398"]
[BlackElo "2168"]
[TimeControl "180+1"]
[EndTime "14:51:37 PDT"]
[Termination "rochaaaaaaaaaa won by resignation"]

1. e4 c5 2. Nf3 d6 3. d4 cxd4 4. Nxd4 Nf6 5. Nc3 g6 6. Be3 Bg7 7. f3 O-O 8. Qd2 Nc6 9. O-O-O d5 10. exd5 Nxd5 11. Nxc6 bxc6 12. Bd4 Bxd4 13. Qxd4 Qb6 14. Na4 Qc7 15. Bc4 Be6 16. Nc5 Nf4 17. Nxe6 Nxe6 18.
Bxe6 fxe6 19. Qc4 Rf6 20. Rhe1 Kf7 21. Rd4 Rd8 22. Rh4 h5 23. Rhe4 Rd6 24. Qc3 Qb6 25. Qe3 Qxe3+ 26. R1xe3 Rf5 27. Re5 Kf6 28. Rxf5+ exf5 29. f4 Re6 30. Kd2 Rxe3 31. Kxe3 e5 32. fxe5+ Kxe5 33. b4 g5 34. c4 a6 35. a4 h4 36. Kd3 g4 37. b5 cxb5 38. cxb5 axb5 39.
axb5 Kd5 40. Ke3 g3 41. h3 Kc5 42. Kf4 Kxb5 43. Kxf5 Kc5 44. Kg4 Kd4 45. Kxh4 Ke4 46.
Kxg3 Kf5 47. Kf3 1-0

[Event "Late-Titled-Tuesday-Blitz-October-10-2023"]
[Site "Chess.com"]
[Date "2023.10.10"]
[Round "5"]
[White "The_Princess_Moon"]
[Black "WPWPWP-2015"]
[Result "0-1"]
[WhiteElo "2294"]
[BlackElo "2525"]
[TimeControl "180+1"]
[EndTime "14:51:40 PDT"]
[Termination "WPWPWP-2015 won by resignation"]

1. e4 c5 2. Nf3 d6 3. c3 Nf6 4. h3 e6 5. Bd3 Be7 6. Bc2 c4 7. O-O O-O 8. b3 b5 9. Na3 cxb3 10. axb3 Qb6 11. d3 Bb7 12. Be3 Qc6 13. Qd2 a6 14. Rac1 e5 15. Bb1 a5 16. Bg5 Nbd7 17. Nc2 h6 18.
Bxf6 Nxf6 19. Ne3 d5 20. Nf5 Ba3 21. Rce1 dxe4 22. dxe4 Rfe8 23. b4 axb4 24. cxb4 Ra4 25. Qe2 Rxb4 26. Rd1 Nxe4 27. Bxe4 Rxe4 28. Qa2 Rf4 29.
Qxa3 Rxf5 30. Rd6 Qe4 31. Re1 Rxf3 32. Qc1 Qb4 33. gxf3 Qxd6 34. Rd1 Qg6+ 35. Kf1 Bxf3 0-1

[Event "Late-Titled-Tuesday-Blitz-October-10-2023"]
[Site "Chess.com"]
[Date "2023.10.10"]
[Round "5"]
[White "The_Straightforward_Rook"]
[Black "ferdipy"]
[Result "1-0"]
[WhiteElo "2546"]
[BlackElo "2355"]
[TimeControl "180+1"]
[EndTime "14:51:40 PDT"]
[Termination "The_Straightforward_Rook won by resignation"]

1. d4 e5 2. dxe5 d6 3. Nf3 Nc6 4. Bg5 f6 5. exf6 gxf6 6. Bh4 Bg4 7. e3 Qd7 8. Be2 O-O-O 9. Nc3 Ne5 10. Nxe5 Bxe2 11. Nxe2 dxe5 12. Qxd7+ Rxd7 13. Rd1 Bg7 14. f3 Ne7 15. Rxd7 Kxd7 16. e4 Nc6 17. Ng3 Ke6 18. Nf5 Bf8 19. Ke2 Bc5 20. Rd1 Nb4 21. c3 Nc6 22. b4 Bb6 23. Bf2 h5 24. a4 Bxf2 25.
Kxf2 a6 26. h4 Ra8 27. g4 Rh8 28. gxh5 Ne7 29. Ng3 f5 30. exf5+ Nxf5 31. Nxf5 Kxf5 32. Rd7 Rxh5 33. Rxc7 Rxh4 34. Rxb7 Rc4 35. Rb6 Rxc3 36. Rxa6 Rb3 37. b5 Rb2+ 38. Kg3 Rb3 39. Ra8 e4 40. Rf8+ Kg6 41. Kf2 Rb4 42. Rf4 Rxa4 43. Rxe4 Ra2+ 44.
Re2 Rb2 45. Rxb2 1-0

[Event "Late-Titled-Tuesday-Blitz-October-10-2023"]
[Site "Chess.com"]
[Date "2023.10.10"]
[Round "5"]
[White "borocotoajua"]
[Black "orestn"]
[Result "1/2-1/2"]
[WhiteElo "2560"]
[BlackElo "2399"]
[TimeControl "180+1"]
[EndTime "14:51:43 PDT"]
[Termination "Game drawn by agreement"]

1. d4 d5 2. Nf3 e6 3. c4 Nf6 4.
g3 dxc4 5. Bg2 Bd7 6. O-O Bc6 7. a4 Nbd7 8. Na3 Bxa3 9. Rxa3 O-O 10. Qc2 Nb6 11.
a5 Be4 12. Qc3 Nfd5 13. Qe1 Nc8 14. Ne5 Bxg2 15. Kxg2 Nd6 16. Bd2 b5 17. e4 Ne7 18.
Bb4 a6 19. b3 f6 20. Nf3 Nc6 21. Bc5 b4 22. Bxb4 Nxb4 23. Qxb4 Rb8 24. Qc3 Nxe4 25. Qxc4 Qd5 26. Qxd5 exd5 27. Rc1 Rf7 28. Ne1 Nd2 29.
Rc5 Rd7 30. Rc6 Rxb3 31. Rxb3 Nxb3 32. Rxa6 Nxd4 33. Nd3 Nb5 34. Nc5 Rd6 35. Ra8+ Kf7 36.
a6 d4 37. a7 Nxa7 38. Rxa7 d3 39. Rxc7+ Kg6 40. Ne4 d2 41. Nxd2 Rxd2 42. Rc5 h5 43. h4 1/2-1/2

[Event "Late-Titled-Tuesday-Blitz-October-10-2023"]
[Site "Chess.com"]
[Date "2023.10.10"]
[Round "5"]
[White "Witaliss"]
[Black "KaydenTroffChess"]
[Result "0-1"]
[WhiteElo "2493"]
[BlackElo "2800"]
[TimeControl "180+1"]
[EndTime "14:51:45 PDT"]
[Termination "KaydenTroffChess won on time"]

1. Nf3 Nf6 2. g3 g6 3. Bg2 Bg7 4. O-O O-O 5. d4 d5 6. c4 c6 7.
Qb3 Qb6 8. Nc3 Be6 9. c5 Qxb3 10.
axb3 a6 11. b4 Nbd7 12. Nd2 Bf5 13. Nb3 e5 14. dxe5 Nxe5 15. Nd4 Bd7 16. Rd1 Rfe8 17. h3 Rad8 18. b3 Bf5 19. Nxf5 gxf5 20. Be3 Ne4 21.
Bd4 Ng6 22. Na4 f4 23. g4 Nh4 24. Rac1 Ng5 25. Bxg7 Kxg7 26. Rc2 f3 27. exf3 Ngxf3+ 28.
Bxf3 Nxf3+ 29. Kf1 Re4 30. Rc3 Ng5 31. Nb2 Rxb4 32.
Kg2 Ne4 0-1

[Event "Late-Titled-Tuesday-Blitz-October-10-2023"]
[Site "Chess.com"]
[Date "2023.10.10"]
[Round "5"]
[White "Hrant_ChessMood"]
[Black "FairChess_on_YouTube"]
[Result "0-1"]
[WhiteElo "2933"]
[BlackElo "3101"]
[TimeControl "180+1"]
[EndTime "14:51:46 PDT"]
[Termination "FairChess_on_YouTube won by resignation"]

1. d4 d5 2. c4 dxc4 3. e3 Nf6 4. Bxc4 e6 5. Nf3 c5 6. O-O a6 7. dxc5 Qxd1 8. Rxd1 Bxc5 9. Be2 Nbd7 10. Nbd2 O-O 11. Nb3 Be7 12. Nfd4 Ne4 13. f3 Nec5 14. e4 Nxb3 15. axb3 Bc5 16. Be3 e5 17. Nf5 g6 18.
Bxc5 Nxc5 19. Ne7+ Kg7 20. b4 Nb3 21. Ra3 Be6 22.
Kf2 Rfd8 23. Nd5 Nd4 24. Nc3 Nc2 25. Ra5 Rxd1 26. Nxd1 Rd8 27. b5 Rd2 28. bxa6 bxa6 29. Nc3 Nd4 30. Ke1 Rxb2 31. Rxe5 Rc2 32. Bxa6 Rxc3 33.
h4 Rc2 34. Bf1 h5 35. Ra5 Rb2 36. Ra4 Nc6 37. Be2 Kf6 38. Kf2 Bb3 39. Ra3 Bc4 40. Rc3 Rxe2+ 0-1

[Event "Late-Titled-Tuesday-Blitz-October-10-2023"]
[Site "Chess.com"]
[Date "2023.10.10"]
[Round "5"]
[White "GothamChess"]
[Black "Msb2"]
[Result "0-1"]
[WhiteElo "2744"]
[BlackElo "3037"]
[TimeControl "180+1"]
[EndTime "14:51:52 PDT"]
[Termination "Msb2 won by resignation"]

1. d4 d5 2. Bf4 c5 3. Nc3 e6 4. e4 cxd4 5. Qxd4 Nc6 6. Bb5 Bd7 7.
Bxc6 bxc6 8. exd5 cxd5 9. Nf3 Nf6 10. O-O Be7 11. Ne5 O-O 12. Nxd7 Qxd7 13. Rfe1 Rfc8 14. Qd3 Qb7 15. Rab1 Rc4 16. Be5 Nd7 17. Bd4 Bf6 18. Bxf6 Nxf6 19. b3 Rc6 20. Ne2 Rac8 21. Nd4 Rc3 22. Qd2 Ne4 23. Qf4 Qb6 24. Rbd1 h6 25. h3 f6 26. Qg4 e5 27. Nf5 Qxf2+ 28. Kh2 Ng5 29. Ne7+ Kh7 30. Nxc8 Rxh3+ 31. Qxh3 Nxh3 32. Kxh3 Qf5+ 33. Kh2 Qxc8 34. Rxd5 Qxc2 35. Rd7 Qxa2 36.
Rc1 Qxb3 37. Rxa7 Qe3 38. Rcc7 Qf4+ 39. Kh3 Qg5 40. g3 h5 41. Kh2 h4 42. gxh4 Qxh4+ 43. Kg2 Qg4+ 44. Kf2 e4 45. Ke3 f5 46. Rf7 Kh6 47.
Ra6+ g6 48. Ra8 Qf3+ 49. Kd4 e3 50. Rh8+ Kg5 51. Re8 Qd1+ 52. Kxe3 Qe1+ 0-1

[Event "Late-Titled-Tuesday-Blitz-October-10-2023"]
[Site "Chess.com"]
[Date "2023.10.10"]
[Round "5"]
[White "Sacbutt"]
[Black "DIMONBANAN"]
[Result "0-1"]
[WhiteElo "2188"]
[BlackElo "2500"]
[TimeControl "180+1"]
[EndTime "14:51:55 PDT"]
[Termination "DIMONBANAN won by resignation"]

1. d4 d5 2. c4 e6 3. Nc3 Be7 4.
Nf3 Nf6 5. Bg5 O-O 6. e3 Nbd7 7.
Rc1 a6 8. cxd5 exd5 9. Bd3 c6 10. O-O Re8 11. a3 Nf8 12. h3 Ne4 13. Bxe7 Qxe7 14.
b4 Nd6 15. Re1 Bf5 16. Na4 Bxd3 17. Qxd3 Nc4 18. Nc5 b5 19. Nd2 Nd7 20. Nxc4 bxc4 21. Qf5 Nxc5 22. bxc5 Rab8 23. Rb1 Rb3 24. Rxb3 cxb3 25.
Rb1 Rb8 26. Rb2 g6 27. Qd3 Qb7 28. Kf1 a5 29. e4 dxe4 30. Qxe4 Qb5+ 31. Kg1 a4 32. h4 Qc4 33. Kh2 Rd8 34. Rd2 Qc1 35.
Qe7 Qxd2 36. Qxd8+ Kg7 37. g4 Qxf2+ 38. Kh3 Qe3+ 39.
Kh2 Qf4+ 40. Kh3 b2 41. Qb6 Qxd4 0-1

[Event "Late-Titled-Tuesday-Blitz-October-10-2023"]
[Site "Chess.com"]
[Date "2023.10.10"]
[Round "5"]
[White "LoaySameer"]
[Black "Qvalda"]
[Result "0-1"]
[WhiteElo "2545"]
[BlackElo "2404"]
[TimeControl "180+1"]
[EndTime "14:52:01 PDT"]
[Termination "Qvalda won by resignation"]

1. Nf3 Nf6 2. g3 b6 3. Bg2 Bb7 4. O-O e6 5. d3 Be7 6. e4 d5 7. e5 Nfd7 8. Re1 c5 9. h4 Nc6 10. h5 Qc7 11. Bf4 O-O-O 12. a4 h6 13. Nc3 a6 14. Nxd5 exd5 15. e6 Bd6 16. e7 Rde8 17.
Bxd6 Qxd6 18. Nh4 Nxe7 19. Qg4 g5 20. hxg6 Nxg6 21. Nf5 Qf6 22. c4 h5 23. Qh3 dxc4 24. Bxb7+ Kxb7 25. Qg2+ Kc7 26. Qd5 Nge5 27. Nh4 Rhg8 28.
Re4 Qc6 29. dxc4 Qxd5 30. cxd5 Rg4 31. Ree1 Rxh4 32. gxh4 Nf3+ 33. Kf1 Nxe1 34. a5 b5 35. Ra3 Nc2 36. Rg3 Nd4 37. Rg5 Kd6 38. Rxh5 Nf6 39. Rh6 Ke5 40. d6 Rd8 41. f4+ Kf5 42.
Kf2 Rxd6 43. Rh8 Ne6 44. Ra8 Nxf4 45. Rb8 Ne6 46. Rb6 Rxb6 47. axb6 Nd8 48. b7 Nxb7 49.
h5 Nxh5 50. Ke3 Nf6 51. Kd3 Ke5 52. Kc3 Kd5 53. Kd2 Kc6 54. Kd3 Kb6 55. Ke3 Ne8 56. Kd3 Nc7 57. Kc2 c4 58. Kc3 Kc5 59. b4+ cxb3 60. Kxb3 a5 61. Kc3 f5 62. Kc2 f4 63.
Kd2 a4 64. Ke2 a3 65. Kf3 a2 66. Kxf4 a1=Q 67. Ke4 Qd1 68. Ke3 Qd4+ 69. Kf3 Qe5 70.
Kg2 Qf4 71. Kh3 Qg5 72. Kh2 Kd4 73. Kh1 Ke3 0-1

[Event "Late-Titled-Tuesday-Blitz-October-10-2023"]
[Site "Chess.com"]
[Date "2023.10.10"]
[Round "5"]
[White "rychessmaster1"]
[Black "vyprd"]
[Result "1-0"]
[WhiteElo "2703"]
[BlackElo "2363"]
[TimeControl "180+1"]
[EndTime "14:52:02 PDT"]
[Termination "rychessmaster1 won by resignation"]

1. Nf3 d5 2. e3 c6 3. c4 Nf6 4.
Nc3 e6 5. b3 Bd6 6. Bb2 O-O 7.
Be2 e5 8. cxd5 cxd5 9. Nb5 Nc6 10. Nxd6 Qxd6 11. d4 e4 12. Ne5 Be6 13. O-O Rfc8 14. Rc1 Nd7 15. Nxd7 Qxd7 16. Qd2 Bg4 17. Rc3 Bxe2 18.
Qxe2 Nb4 19. Qd2 Nxa2 20. Rxc8+ Rxc8 21. Ra1 Qb5 22. Rxa2 Qxb3 23. Rxa7 h5 24. Ra3 Qb5 25. h4 g6 26. Ra5 Qb3 27. Rc5 Ra8 28. Qc2 Qa2 29.
Rc8+ Kg7 30. Rxa8 Qxa8 31. Qb3 Qd8 32. g3 g5 33. hxg5 Qxg5 34. Ba3 h4 35. Bd6 h3 36. Qd1 b5 37. Kh2 Qf5 38. Qe2 f6 39. g4 Qd7 40.
Bb4 Kg6 41. Kxh3 Kg5 42. f4+ Kg6 43. Kg3 Qc6 44. Bc5 Qa6 45. g5 Qa1 46. gxf6 Qg1+ 47.
Qg2 Qxe3+ 48. Kh4+ Kxf6 49. Qg5+ Ke6 50. f5+ 1-0

[Event "Late-Titled-Tuesday-Blitz-October-10-2023"]
[Site "Chess.com"]
[Date "2023.10.10"]
[Round "5"]
[White "ferrufino64"]
[Black "emeli_chess"]
[Result "0-1"]
[WhiteElo "2206"]
[BlackElo "2397"]
[TimeControl "180+1"]
[EndTime "14:52:02 PDT"]
[Termination "emeli_chess won by resignation"]

1. e4 c5 2. Nf3 d6 3. d4 cxd4 4.
Nxd4 Nf6 5. Nc3 a6 6. Be3 e5 7.
Nb3 Be6 8. f3 Be7 9. Qd2 O-O 10.
O-O-O Nbd7 11. g4 b5 12. h4 Nb6 13. Bxb6 Qxb6 14. h5 Nd7 15. Kb1 Nc5 16. g5 b4 17.
Nd5 Bxd5 18. Qxd5 Bxg5 19. h6 Bxh6 20. Bc4 Bg5 21. Rdg1 h6 22. Qd1 Ne6 23. Nd2 Rac8 24. Bxe6 fxe6 25. Nf1 Qf2 26. Ng3 Qd2 27. Qxd2 Bxd2 28.
Nh5 Bg5 29. Rh3 d5 30. exd5 exd5 31. Rd1 d4 32. b3 Rc3 33. Rd3 Rfc8 34. f4 Bxf4 35.
Nxf4 exf4 36. Rhf3 g5 37. Rf1 Rxd3 38. cxd3 Kg7 39. Re1 Kf6 40. Rh1 Kg6 41. Re1 f3 42.
Re6+ Kf5 43. Rxh6 f2 44. Rh1 g4 45. Rf1 g3 0-1

[Event "Late-Titled-Tuesday-Blitz-October-10-2023"]
[Site "Chess.com"]
[Date "2023.10.10"]
[Round "5"]
[White "Rutricks"]
[Black "Gravity_Chess"]
[Result "0-1"]
[WhiteElo "2665"]
[BlackElo "2884"]
[TimeControl "180+1"]
[EndTime "14:52:04 PDT"]
[Termination "Gravity_Chess won by resignation"]

1. Nf3 Nf6 2. b3 b6 3. Bb2 Bb7 4. g3 Bxf3 5. exf3 e6 6. Bg2 d5 7. a4 Nbd7 8. O-O Be7 9. a5 O-O 10. c4 c6 11. Qe2 Nc5 12. Qe3 d4 13. Bxd4 Nxb3 14. Bxb6 axb6 15. Qxb3 bxa5 16. f4 Rb8 17. Qa4 Bb4 18. Qxc6 Qd4 19. Nc3 Rfc8 20. Qf3 Rxc4 21.
Rfd1 h6 22. Na2 Rc2 23. Nxb4 axb4 24. Qe3 Qxe3 25. dxe3 b3 26. Rab1 g6 27. Bf3 h5 28.
h3 Kg7 29. Kg2 Kf8 30. g4 hxg4 31. hxg4 Ke7 32. g5 Nd7 33. Be4 Rc3 34. Rdc1 Rbc8 35. Rd1 Nc5 36. Bf3 Rd8 37. Rh1 Rd2 38. Bd1 Ne4 39. Bf3 0-1

[Event "Late-Titled-Tuesday-Blitz-October-10-2023"]
[Site "Chess.com"]
[Date "2023.10.10"]
[Round "5"]
[White "tjallkompall"]
[Black "andrzej"]
[Result "1-0"]
[WhiteElo "2755"]
[BlackElo "2478"]
[TimeControl "180+1"]
[EndTime "14:52:05 PDT"]
[Termination "tjallkompall won by checkmate"]

1. c4 e6 2. g3 d5 3. Bg2 Nf6 4.
Nf3 dxc4 5. Qa4+ Bd7 6. Qxc4 c5 7. Ne5 Qc8 8. O-O Nc6 9. Nxd7 Qxd7 10. e3 Be7 11.
Qe2 Rd8 12. Rd1 O-O 13. d3 Rfe8 14. Nc3 Bf8 15. b3 Nd5 16. Bb2 Nxc3 17. Bxc3 e5 18. Rac1 f6 19. a3 Ne7 20. d4 exd4 21. exd4 Nd5 22.
Qc4 b5 23. Bxd5+ Qxd5 24. Qxb5 Qf3 25. Rd3 Qf5 26. Rcd1 Re2 27. Rf1 Kh8 28. Rdd1 Qf3 29. d5 Rxf2 30. Rxf2 Qxd1+ 31. Qf1 Qxb3 32. Rxf6 gxf6 33.
Qxf6+ Kg8 34. Qe6# 1-0

[Event "Late-Titled-Tuesday-Blitz-October-10-2023"]
[Site "Chess.com"]
[Date "2023.10.10"]
[Round "5"]
[White "BulteniBo"]
[Black "DonBroca"]
[Result "1-0"]
[WhiteElo "2525"]
[BlackElo "2232"]
[TimeControl "180+1"]
[EndTime "14:52:06 PDT"]
[Termination "BulteniBo won by resignation"]

1. e4 c5 2. g3 g6 3. Bg2 Bg7 4. Ne2 Nc6 5. Nbc3 Nf6 6. d3 O-O 7. h4 e6 8. h5 Nxh5 9. Be3 b6 10.
Qd2 Nd4 11. O-O-O Bb7 12. Bh6 f5 13. Bxg7 Kxg7 14. Nxd4 cxd4 15. Ne2 fxe4 16. dxe4 e5 17. f4 d6 18. f5 Ba6 19. g4 Bxe2 20. gxh5 Bxh5 21.
Bf3 Kh8 22. Bxh5 gxh5 23. Rxh5 Rf7 24. Rdh1 Qf6 25. Qh2 Qg7 26. f6 Qg6 27. Rh6 Qg5+ 28. Kb1 Kg8 29. Rg1 Qxg1+ 30. Qxg1+ Kf8 31. Qg5 Rd8 32. b3 Ke8 33. Qg8+ Kd7 34. Qxf7+ Kc8 35. Rxh7 1-0

[Event "Late-Titled-Tuesday-Blitz-October-10-2023"]
[Site "Chess.com"]
[Date "2023.10.10"]
[Round "5"]
[White "Bala-Afiada"]
[Black "Sulthankan"]
[Result "0-1"]
[WhiteElo "1942"]
[BlackElo "2350"]
[TimeControl "180+1"]
[EndTime "14:52:06 PDT"]
[Termination "Sulthankan won by resignation"]

1. d4 Nf6 2. c4 g6 3. Nc3 d5 4.
cxd5 Nxd5 5. e4 Nxc3 6. bxc3 Bg7 7. Be3 c5 8. Bc4 O-O 9. Ne2 Nc6 10. O-O Bg4 11. f3 Bd7 12. Rb1 Qc7 13. Rb5 cxd4 14.
cxd4 Nxd4 15. Bxf7+ Rxf7 16. Rd5 Nxe2+ 17. Qxe2 Bc6 18.
Rc5 Rff8 19. Qc4+ Kh8 20. Rc1 Qd6 21. f4 Rad8 22. e5 Qd3 23. Qxd3 Rxd3 24. Kf2 Ra3 25.
R1c2 e6 26. g3 Rd8 27. Bc1 Ra4 28. a3 Bf8 29. R5c4 Rxc4 30. Rxc4 Rd3 31. Ke2 Rb3 32. Kd2 Bxa3 33. Bxa3 Rxa3 34. Rb4 Ra2+ 35. Kc3 Rxh2 36. Rd4 Rg2 37. Rd8+ Kg7 38. Kc4 Rxg3 39. Kc5 Rc3+ 40. Kd6 Rd3+ 0-1

[Event "Late-Titled-Tuesday-Blitz-October-10-2023"]
[Site "Chess.com"]
[Date "2023.10.10"]
[Round "5"]
[White "Ishowmoves57"]
[Black "Smiechu"]
[Result "0-1"]
[WhiteElo "2178"]
[BlackElo "2515"]
[TimeControl "180+1"]
[EndTime "14:52:09 PDT"]
[Termination "Smiechu won by resignation"]

1. e4 c5 2. Nf3 g6 3. d4 cxd4 4. Nxd4 Nc6 5. c4 Nf6 6. Nc3 Nxd4 7. Qxd4 d6 8. Be3 Bg7 9. Be2 O-O 10. Qd1 a5 11. O-O a4 12. f3 Qa5 13. Qd2 Be6 14. Rab1 Rfc8 15. b4 axb3 16. axb3 Qb4 17. Nb5 Qxd2 18.
Bxd2 Ra2 19. Rfd1 Nd7 20. Bf1 Nc5 21. Bc3 Bxc3 22. Nxc3 Ra3 23. b4 Rxc3 24. bxc5 Rxc5 25. Rxb7 Kf8 26. Rb8+ Kg7 27. Rb7 Kf6 28. Rd4 Rc1 29. Kf2 Bxc4 30. Bxc4 R1xc4 31. Rxc4 Rxc4 32. Rb8 h5 33.
Rb6 h4 34. h3 Rc2+ 35. Kf1 Ke5 36. Rb7 Ke6 37. Rb5 f6 38. Rd5 Rc5 39. Rd4 Ke5 40.
Rb4 Kf4 41. Rb1 Kg3 42. Rb2 Rc1+ 43. Ke2 Kxg2 44. Ke3+ Kxh3 0-1

[Event "Late-Titled-Tuesday-Blitz-October-10-2023"]
[Site "Chess.com"]
[Date "2023.10.10"]
[Round "5"]
[White "Rodalquilar"]
[Black "Championnn-9"]
[Result "1-0"]
[WhiteElo "2739"]
[BlackElo "2502"]
[TimeControl "180+1"]
[EndTime "14:52:10 PDT"]
[Termination "Rodalquilar won on time"]

1. d4 d5 2. Nf3 Nf6 3. Bf4 e6 4. e3 a6 5. Nbd2 c5 6. c3 Bd6 7. Bd3 h6 8. O-O Nc6 9. dxc5 Bxc5 10. e4 dxe4 11. Nxe4 Be7 12. Qe2 Nd5 13. Bd2 O-O 14. Rad1 b5 15. Bb1 f5 16. Ng3 Qc7 17. Nh5 Bd6 18. a3 Bd7 19. Rfe1 Rae8 20. Ba2 Kh7 21. Bc1 Bc8 22. Qd3 Rd8 23. g3 g6 24. Bxd5 exd5 25. Nf4 Ne7 26. Ne6 Bxe6 27. Rxe6 Nc6 28. Rde1 Bc5 29.
Bf4 Qf7 30. Rxc6 Rc8 31. Ne5 Qe8 32. Rxg6 1-0

[Event "Late-Titled-Tuesday-Blitz-October-10-2023"]
[Site "Chess.com"]
[Date "2023.10.10"]
[Round "5"]
[White "GMJustin"]
[Black "Battever"]
[Result "0-1"]
[WhiteElo "2188"]
[BlackElo "2518"]
[TimeControl "180+1"]
[EndTime "14:52:10 PDT"]
[Termination "Battever won on time"]

1. e4 Nc6 2. Nf3 e5 3. Bb5 Nd4 4. Nxd4 exd4 5. Bc4 Bc5 6. Bxf7+ Kxf7 7. Qh5+ g6 8. Qxc5 Nf6 9. d3 d5 10. e5 Re8 11. Qxd4 c5 12. Qf4 Qe7 13. O-O Qxe5 14. Qh4 Bf5 15. Nc3 d4 16. Bf4 Qe7 17. Nb5 Rad8 18.
h3 a6 19. Na3 b5 20. Rae1 Qxe1 21. Rxe1 Rxe1+ 22. Kh2 h5 23. Bg5 Rd6 24. Qf4 Ree6 25. g4 hxg4 26. hxg4 Nxg4+ 27. Kg3 Nf6 28. Kg2 Nh5 29.
Qh4 Re2 30. Nb1 Bd7 0-1